Workbook

Sheet COSTOS FINALES SUBASTA
C2: RESUMEN VALORES FINALES DE LA MINIMA CUANTIA
B6: CARACTERISTICAS | C6: ITEM | D6: CANTIDAD | E6: VALOR UNITARIO INCLUIDO IVA (INICIAL DE LA PROPUESTA) PROPONENTE PEDRO EDGAR PAEZ) | F6: VALOR TOTAL INCLUIDO IVA | G6: DESCUENTO APLICADO EN LA SUBASTA (DESDE PRECIO INICIAL HASTA $ 99,626,800,00) | H6: VALOR UNITARIO INCLUIDO IVA (19%) APLICADO DESCUENTO SUBASTA | I6: VALOR TOTAL UNIDADES INCLUIDO IVA (INCLUIDO DESCUENTO SUBASTA)
B7: RUBRO 02-01-01-003-008 REC 10 - $ 745.401.931,53
B8: MESA PLEGABLE MULTIUSOS | C8: 1 | D8: 10 | E8: 269000 | F8: =E8*D8 -> 2690000 | G8: 0.35 | H8: =E8*(100%-G8) -> 174850 | I8: =H8*D8 -> 1748500
B9: SILLA ERGONOMICA TIPO EJECUTIVA ESPALDAR FIJO | C9: 2 | D9: 30 | E9: 590000 | F9: =E9*D9 -> 17700000 | G9: 0.35 | H9: =E9*(100%-G9) -> 383500 | I9: =H9*D9 -> 11505000
B10: RACK METALICO PARA ARMAS | C10: 3 | D10: 1 | E10: 2980000 | F10: =E10*D10 -> 2980000 | G10: 0.35 | H10: =E10*(100%-G10) -> 1937000 | I10: =H10*D10 -> 1937000
B11: ENTREPAÑOS DE STAND 90CM x 40CM | C11: 5 | D11: 26 | E11: 75000 | F11: =E11*D11 -> 1950000 | G11: 0.35 | H11: =E11*(100%-G11) -> 48750 | I11: =H11*D11 -> 1267500
B12: LITERAS METALICAS | C12: 6 | D12: 70 | E12: 850000 | F12: =E12*D12 -> 59500000 | G12: 0.35 | H12: =E12*(100%-G12) -> 552500 | I12: =H12*D12 -> 38675000
B13: ESTANTERIA METALICA 2,20x0,90x0,40 | C13: 7 | D13: 45 | E13: 550000 | F13: =E13*D13 -> 24750000 | G13: 0.35 | H13: =E13*(100%-G13) -> 357500 | I13: =H13*D13 -> 16087500
B14: FOLDERAMA METALICO | C14: 8 | D14: 2 | E14: 2800000 | F14: =E14*D14 -> 5600000 | G14: 0.35 | H14: =E14*(100%-G14) -> 1820000 | I14: =H14*D14 -> 3640000
B15: COMEDOR PLASTICO DE SEIS PUESTOS | C15: 9 | D15: 4 | E15: 1590000 | F15: =E15*D15 -> 6360000 | G15: 0.35 | H15: =E15*(100%-G15) -> 1033500 | I15: =H15*D15 -> 4134000
B16: ESCRITORIO | C16: 10 | D16: 10 | E16: 800000 | F16: =E16*D16 -> 8000000 | G16: 0.35 | H16: =E16*(100%-G16) -> 520000 | I16: =H16*D16 -> 5200000
B17: SILLA ERGONOMICA GIRATORIA | C17: 11 | D17: 20 | E17: 590000 | F17: =E17*D17 -> 11800000 | G17: 0.35 | H17: =E17*(100%-G17) -> 383500 | I17: =H17*D17 -> 7670000
B18: SILLA INTERLOCUTORA | C18: 12 | D18: 14 | E18: 215000 | F18: =E18*D18 -> 3010000 | G18: 0.35 | H18: =E18*(100%-G18) -> 139750 | I18: =H18*D18 -> 1956500
B19: SILLA PLASTICA | C19: 13 | D19: 100 | E19: 55000 | F19: =E19*D19 -> 5500000 | G19: 0.35 | H19: =E19*(100%-G19) -> 35750 | I19: =H19*D19 -> 3575000
B20: COLCHONETAS | C20: 14 | D20: 11 | E20: 312000 | F20: =E20*D20 -> 3432000 | G20: 0.35 | H20: =E20*(100%-G20) -> 202800 | I20: =H20*D20 -> 2230800
C21: 0 | D21: 0 | E21: 0 | F21: =E21*D21 -> 0 | H21: =E21*(100%-G21) -> 0 | I21: =H21*D21 -> 0
E24: OFERTA ECONOMICA INICIAL PEDRO PAEZ | F24: =SUM(F8:F21) -> 153272000 | H24: OFERTA ECONOMICA SUBASTA | I24: =SUM(I8:I21) -> 99626800
B28: RAZON SOCIAL DEL PROPONENTE PEDRO PAEZ - DIVISIONES P&P
B29: REPRESENTANTE LEGAL DEL PROPONENTE (nombre y firma):
B36: PEDRO EDGAR PAEZ PINZON
B37: REP LEGAL
B38: 9,526,868-7

Sheet DESAGREGACIÓN DE PRECIOS 
C3: DESAGREGACIÓN DE LOS PRECIOS
C6: POLICÍA NACIONAL – POLICÍA METROPOLITANA DE MANIZALES | G6: IMPUESTO A LAS VENTAS (IVA) | I6: COSTO DIRECTO DE FABRICACIÓN (SIN INCLUIR IMPUESTOS) | K6: SERVICIO U OBRA (SIN INCLUIR IVA) | Q6: GASTOS GENERALES (SIN INCLUIR IVA) | S6: GASTOS DE TRANSPORTE (SIN INCLUIR IVA) | U6: IMPREVISTOS (SIN INCLUIR IVA) | W6: UTILIDAD (SIN INCLUIR IVA) | Y6: IMPUESTOS (ESTAMPILLAS, RETENCIONES, POLIZAS Y DEMÁS GASTOS DE LEGALIZACIÓN)
C7: ITEM | D7: ELEMENTO | E7: CANTIDAD | F7: VALOR UNITARIO FINAL INCLUIDO IVA | G7: PORCENTAJE IVA | H7: VALOR PRODUCTO SIN IVA | I7: SERVICIO U OBRA - GASTOS GENERALES - TRANSPORTE - IMPREVISTOS | K7: INSUMOS (POR UNIDAD) | M7: EQUIPO (POR UNIDAD) | O7: PERSONAL (POR UNIDAD) | Q7: ADMINISTRACIÓN, PERSONAL FIJO, GASTOS FIJOS ETC. | S7: MONTAJE, COMBUSTIBLE, PEAJES, ESTADIA (LA EMPRESA CUENTA CON VEHICULOS PROPIOS) | U7: IMPREVISTOS EN MONTAJES, TRANSPORTE, FABRICACIÓN, VARIACIÓN MATERIA PRIMA ETC. | W7: UTILIDAD POR UNIDAD
C8: ='COSTOS FINALES SUBASTA'!C8 -> 1 | D8: ='COSTOS FINALES SUBASTA'!B8 -> MESA PLEGABLE MULTIUSOS | E8: ='COSTOS FINALES SUBASTA'!D8 -> 10 | F8: ='COSTOS FINALES SUBASTA'!H8 -> 174850 | G8: 0.19 | H8: =F8/1.19 -> 146932.77 | I8: =SUM(K8,M8,O8,Q8,S8,U8) -> 0.665 | J8: =I8*H8 -> 97710.294 | K8: 0.4 | L8: =K8*H8 -> 58773.109 | M8: 0.03 | N8: =M8*H8 -> 4407.9832 | O8: 0.05 | P8: =O8*H8 -> 7346.6387 | Q8: 0.08 | R8: =Q8*H8 -> 11754.622 | S8: 0.04 | T8: =S8*H8 -> 5877.3109 | U8: 0.065 | V8: =U8*H8 -> 9550.6303 | W8: 0.1555 | X8: =W8*H8 -> 22848.046 | Y8: 0.1795 | Z8: =Y8*H8 -> 26374.433 | AB8: =SUM(Y8+W8+S8+Q8+O8+M8+K8+U8) -> 1
C9: ='COSTOS FINALES SUBASTA'!C9 -> 2 | D9: ='COSTOS FINALES SUBASTA'!B9 -> SILLA ERGONOMICA TIPO EJECUTIVA ESPALDAR FIJO | E9: ='COSTOS FINALES SUBASTA'!D9 -> 30 | F9: ='COSTOS FINALES SUBASTA'!H9 -> 383500 | G9: 0.19 | H9: =F9/1.19 -> 322268.91 | I9: =SUM(K9,M9,O9,Q9,S9,U9) -> 0.665 | J9: =I9*H9 -> 214308.82 | K9: 0.4 | L9: =K9*H9 -> 128907.56 | M9: 0.03 | N9: =M9*H9 -> 9668.0672 | O9: 0.05 | P9: =O9*H9 -> 16113.445 | Q9: 0.08 | R9: =Q9*H9 -> 25781.513 | S9: 0.04 | T9: =S9*H9 -> 12890.756 | U9: 0.065 | V9: =U9*H9 -> 20947.479 | W9: 0.1555 | X9: =W9*H9 -> 50112.815 | Y9: 0.1795 | Z9: =Y9*H9 -> 57847.269
C10: ='COSTOS FINALES SUBASTA'!C10 -> 3 | D10: ='COSTOS FINALES SUBASTA'!B10 -> RACK METALICO PARA ARMAS | E10: ='COSTOS FINALES SUBASTA'!D10 -> 1 | F10: ='COSTOS FINALES SUBASTA'!H10 -> 1937000 | G10: 0.19 | H10: =F10/1.19 -> 1627731.1 | I10: =SUM(K10,M10,O10,Q10,S10,U10) -> 0.665 | J10: =I10*H10 -> 1082441.2 | K10: 0.4 | L10: =K10*H10 -> 651092.44 | M10: 0.03 | N10: =M10*H10 -> 48831.933 | O10: 0.05 | P10: =O10*H10 -> 81386.555 | Q10: 0.08 | R10: =Q10*H10 -> 130218.49 | S10: 0.04 | T10: =S10*H10 -> 65109.244 | U10: 0.065 | V10: =U10*H10 -> 105802.52 | W10: 0.1555 | X10: =W10*H10 -> 253112.18 | Y10: 0.1795 | Z10: =Y10*H10 -> 292177.73
C11: ='COSTOS FINALES SUBASTA'!C11 -> 5 | D11: ='COSTOS FINALES SUBASTA'!B11 -> ENTREPAÑOS DE STAND 90CM x 40CM | E11: ='COSTOS FINALES SUBASTA'!D11 -> 26 | F11: ='COSTOS FINALES SUBASTA'!H11 -> 48750 | G11: 0.19 | H11: =F11/1.19 -> 40966.387 | I11: =SUM(K11,M11,O11,Q11,S11,U11) -> 0.665 | J11: =I11*H11 -> 27242.647 | K11: 0.4 | L11: =K11*H11 -> 16386.555 | M11: 0.03 | N11: =M11*H11 -> 1228.9916 | O11: 0.05 | P11: =O11*H11 -> 2048.3193 | Q11: 0.08 | R11: =Q11*H11 -> 3277.3109 | S11: 0.04 | T11: =S11*H11 -> 1638.6555 | U11: 0.065 | V11: =U11*H11 -> 2662.8151 | W11: 0.1555 | X11: =W11*H11 -> 6370.2731 | Y11: 0.1795 | Z11: =Y11*H11 -> 7353.4664
C12: ='COSTOS FINALES SUBASTA'!C12 -> 6 | D12: ='COSTOS FINALES SUBASTA'!B12 -> LITERAS METALICAS | E12: ='COSTOS FINALES SUBASTA'!D12 -> 70 | F12: ='COSTOS FINALES SUBASTA'!H12 -> 552500 | G12: 0.19 | H12: =F12/1.19 -> 464285.71 | I12: =SUM(K12,M12,O12,Q12,S12,U12) -> 0.665 | J12: =I12*H12 -> 308750 | K12: 0.4 | L12: =K12*H12 -> 185714.29 | M12: 0.03 | N12: =M12*H12 -> 13928.571 | O12: 0.05 | P12: =O12*H12 -> 23214.286 | Q12: 0.08 | R12: =Q12*H12 -> 37142.857 | S12: 0.04 | T12: =S12*H12 -> 18571.429 | U12: 0.065 | V12: =U12*H12 -> 30178.571 | W12: 0.1555 | X12: =W12*H12 -> 72196.429 | Y12: 0.1795 | Z12: =Y12*H12 -> 83339.286
C13: ='COSTOS FINALES SUBASTA'!C13 -> 7 | D13: ='COSTOS FINALES SUBASTA'!B13 -> ESTANTERIA METALICA 2,20x0,90x0,40 | E13: ='COSTOS FINALES SUBASTA'!D13 -> 45 | F13: ='COSTOS FINALES SUBASTA'!H13 -> 357500 | G13: 0.19 | H13: =F13/1.19 -> 300420.17 | I13: =SUM(K13,M13,O13,Q13,S13,U13) -> 0.665 | J13: =I13*H13 -> 199779.41 | K13: 0.4 | L13: =K13*H13 -> 120168.07 | M13: 0.03 | N13: =M13*H13 -> 9012.605 | O13: 0.05 | P13: =O13*H13 -> 15021.008 | Q13: 0.08 | R13: =Q13*H13 -> 24033.613 | S13: 0.04 | T13: =S13*H13 -> 12016.807 | U13: 0.065 | V13: =U13*H13 -> 19527.311 | W13: 0.1555 | X13: =W13*H13 -> 46715.336 | Y13: 0.1795 | Z13: =Y13*H13 -> 53925.42
C14: ='COSTOS FINALES SUBASTA'!C14 -> 8 | D14: ='COSTOS FINALES SUBASTA'!B14 -> FOLDERAMA METALICO | E14: ='COSTOS FINALES SUBASTA'!D14 -> 2 | F14: ='COSTOS FINALES SUBASTA'!H14 -> 1820000 | G14: 0.19 | H14: =F14/1.19 -> 1529411.8 | I14: =SUM(K14,M14,O14,Q14,S14,U14) -> 0.665 | J14: =I14*H14 -> 1017058.8 | K14: 0.4 | L14: =K14*H14 -> 611764.71 | M14: 0.03 | N14: =M14*H14 -> 45882.353 | O14: 0.05 | P14: =O14*H14 -> 76470.588 | Q14: 0.08 | R14: =Q14*H14 -> 122352.94 | S14: 0.04 | T14: =S14*H14 -> 61176.471 | U14: 0.065 | V14: =U14*H14 -> 99411.765 | W14: 0.1555 | X14: =W14*H14 -> 237823.53 | Y14: 0.1795 | Z14: =Y14*H14 -> 274529.41
C15: ='COSTOS FINALES SUBASTA'!C15 -> 9 | D15: ='COSTOS FINALES SUBASTA'!B15 -> COMEDOR PLASTICO DE SEIS PUESTOS | E15: ='COSTOS FINALES SUBASTA'!D15 -> 4 | F15: ='COSTOS FINALES SUBASTA'!H15 -> 1033500 | G15: 0.19 | H15: =F15/1.19 -> 868487.39 | I15: =SUM(K15,M15,O15,Q15,S15,U15) -> 0.665 | J15: =I15*H15 -> 577544.12 | K15: 0.4 | L15: =K15*H15 -> 347394.96 | M15: 0.03 | N15: =M15*H15 -> 26054.622 | O15: 0.05 | P15: =O15*H15 -> 43424.37 | Q15: 0.08 | R15: =Q15*H15 -> 69478.992 | S15: 0.04 | T15: =S15*H15 -> 34739.496 | U15: 0.065 | V15: =U15*H15 -> 56451.681 | W15: 0.1555 | X15: =W15*H15 -> 135049.79 | Y15: 0.1795 | Z15: =Y15*H15 -> 155893.49
C16: ='COSTOS FINALES SUBASTA'!C16 -> 10 | D16: ='COSTOS FINALES SUBASTA'!B16 -> ESCRITORIO | E16: ='COSTOS FINALES SUBASTA'!D16 -> 10 | F16: ='COSTOS FINALES SUBASTA'!H16 -> 520000 | G16: 0.19 | H16: =F16/1.19 -> 436974.79 | I16: =SUM(K16,M16,O16,Q16,S16,U16) -> 0.665 | J16: =I16*H16 -> 290588.24 | K16: 0.4 | L16: =K16*H16 -> 174789.92 | M16: 0.03 | N16: =M16*H16 -> 13109.244 | O16: 0.05 | P16: =O16*H16 -> 21848.739 | Q16: 0.08 | R16: =Q16*H16 -> 34957.983 | S16: 0.04 | T16: =S16*H16 -> 17478.992 | U16: 0.065 | V16: =U16*H16 -> 28403.361 | W16: 0.1555 | X16: =W16*H16 -> 67949.58 | Y16: 0.1795 | Z16: =Y16*H16 -> 78436.975
C17: ='COSTOS FINALES SUBASTA'!C17 -> 11 | D17: ='COSTOS FINALES SUBASTA'!B17 -> SILLA ERGONOMICA GIRATORIA | E17: ='COSTOS FINALES SUBASTA'!D17 -> 20 | F17: ='COSTOS FINALES SUBASTA'!H17 -> 383500 | G17: 0.19 | H17: =F17/1.19 -> 322268.91 | I17: =SUM(K17,M17,O17,Q17,S17,U17) -> 0.665 | J17: =I17*H17 -> 214308.82 | K17: 0.4 | L17: =K17*H17 -> 128907.56 | M17: 0.03 | N17: =M17*H17 -> 9668.0672 | O17: 0.05 | P17: =O17*H17 -> 16113.445 | Q17: 0.08 | R17: =Q17*H17 -> 25781.513 | S17: 0.04 | T17: =S17*H17 -> 12890.756 | U17: 0.065 | V17: =U17*H17 -> 20947.479 | W17: 0.1555 | X17: =W17*H17 -> 50112.815 | Y17: 0.1795 | Z17: =Y17*H17 -> 57847.269
C18: ='COSTOS FINALES SUBASTA'!C18 -> 12 | D18: ='COSTOS FINALES SUBASTA'!B18 -> SILLA INTERLOCUTORA | E18: ='COSTOS FINALES SUBASTA'!D18 -> 14 | F18: ='COSTOS FINALES SUBASTA'!H18 -> 139750 | G18: 0.19 | H18: =F18/1.19 -> 117436.97 | I18: =SUM(K18,M18,O18,Q18,S18,U18) -> 0.665 | J18: =I18*H18 -> 78095.588 | K18: 0.4 | L18: =K18*H18 -> 46974.79 | M18: 0.03 | N18: =M18*H18 -> 3523.1092 | O18: 0.05 | P18: =O18*H18 -> 5871.8487 | Q18: 0.08 | R18: =Q18*H18 -> 9394.958 | S18: 0.04 | T18: =S18*H18 -> 4697.479 | U18: 0.065 | V18: =U18*H18 -> 7633.4034 | W18: 0.1555 | X18: =W18*H18 -> 18261.45 | Y18: 0.1795 | Z18: =Y18*H18 -> 21079.937
C19: ='COSTOS FINALES SUBASTA'!C19 -> 13 | D19: ='COSTOS FINALES SUBASTA'!B19 -> SILLA PLASTICA | E19: ='COSTOS FINALES SUBASTA'!D19 -> 100 | F19: ='COSTOS FINALES SUBASTA'!H19 -> 35750 | G19: 0.19 | H19: =F19/1.19 -> 30042.017 | I19: =SUM(K19,M19,O19,Q19,S19,U19) -> 0.665 | J19: =I19*H19 -> 19977.941 | K19: 0.4 | L19: =K19*H19 -> 12016.807 | M19: 0.03 | N19: =M19*H19 -> 901.2605 | O19: 0.05 | P19: =O19*H19 -> 1502.1008 | Q19: 0.08 | R19: =Q19*H19 -> 2403.3613 | S19: 0.04 | T19: =S19*H19 -> 1201.6807 | U19: 0.065 | V19: =U19*H19 -> 1952.7311 | W19: 0.1555 | X19: =W19*H19 -> 4671.5336 | Y19: 0.1795 | Z19: =Y19*H19 -> 5392.542
C20: ='COSTOS FINALES SUBASTA'!C20 -> 14 | D20: ='COSTOS FINALES SUBASTA'!B20 -> COLCHONETAS | E20: ='COSTOS FINALES SUBASTA'!D20 -> 11 | F20: ='COSTOS FINALES SUBASTA'!H20 -> 202800 | G20: 0.19 | H20: =F20/1.19 -> 170420.17 | I20: =SUM(K20,M20,O20,Q20,S20,U20) -> 0.665 | J20: =I20*H20 -> 113329.41 | K20: 0.4 | L20: =K20*H20 -> 68168.067 | M20: 0.03 | N20: =M20*H20 -> 5112.605 | O20: 0.05 | P20: =O20*H20 -> 8521.0084 | Q20: 0.08 | R20: =Q20*H20 -> 13633.613 | S20: 0.04 | T20: =S20*H20 -> 6816.8067 | U20: 0.065 | V20: =U20*H20 -> 11077.311 | W20: 0.1555 | X20: =W20*H20 -> 26500.336 | Y20: 0.1795 | Z20: =Y20*H20 -> 30590.42
F25: RAZON SOCIAL DEL PROPONENTE PEDRO PAEZ - DIVISIONES P&P
F26: REPRESENTANTE LEGAL DEL PROPONENTE (nombre y firma):
F33: PEDRO EDGAR PAEZ PINZON
F34: REP LEGAL
F35: 9,526,868-7

Sheet RESUMEN CUADRO DESAGREGACIÓN
D2: POLICÍA NACIONAL – POLICÍA METROPOLITANA DE MANIZALES
E5: COSTO DIRECTO DE FABRICACIÓN (SIN INCLUIR IMPUESTOS) | F5: IMPUESTOS (ESTAMPILLAS, RETENCIONES, POLIZAS Y DEMÁS GASTOS DE LEGALIZACIÓN) | G5: UTILIDAD (SIN INCLUIR IVA) | H5: VALOR UNIDAD ANTES DE IVA | I5: VALOR TOTAL ANTES DE IVA
C6: ELEMENTOS | D6: CANTIDAD
C7: ='DESAGREGACIÓN DE PRECIOS '!D8 -> MESA PLEGABLE MULTIUSOS | D7: ='DESAGREGACIÓN DE PRECIOS '!E8 -> 10 | E7: ='DESAGREGACIÓN DE PRECIOS '!J8 -> 97710.294 | F7: ='DESAGREGACIÓN DE PRECIOS '!Z8 -> 26374.433 | G7: ='DESAGREGACIÓN DE PRECIOS '!X8 -> 22848.046 | H7: =SUM(E7:G7) -> 146932.77 | I7: =H7*D7 -> 1469327.7
C8: ='DESAGREGACIÓN DE PRECIOS '!D9 -> SILLA ERGONOMICA TIPO EJECUTIVA ESPALDAR FIJO | D8: ='DESAGREGACIÓN DE PRECIOS '!E9 -> 30 | E8: ='DESAGREGACIÓN DE PRECIOS '!J9 -> 214308.82 | F8: ='DESAGREGACIÓN DE PRECIOS '!Z9 -> 57847.269 | G8: ='DESAGREGACIÓN DE PRECIOS '!X9 -> 50112.815 | H8: =SUM(E8:G8) -> 322268.91 | I8: =H8*D8 -> 9668067.2
C9: ='DESAGREGACIÓN DE PRECIOS '!D10 -> RACK METALICO PARA ARMAS | D9: ='DESAGREGACIÓN DE PRECIOS '!E10 -> 1 | E9: ='DESAGREGACIÓN DE PRECIOS '!J10 -> 1082441.2 | F9: ='DESAGREGACIÓN DE PRECIOS '!Z10 -> 292177.73 | G9: ='DESAGREGACIÓN DE PRECIOS '!X10 -> 253112.18 | H9: =SUM(E9:G9) -> 1627731.1 | I9: =H9*D9 -> 1627731.1
C10: ='DESAGREGACIÓN DE PRECIOS '!D11 -> ENTREPAÑOS DE STAND 90CM x 40CM | D10: ='DESAGREGACIÓN DE PRECIOS '!E11 -> 26 | E10: ='DESAGREGACIÓN DE PRECIOS '!J11 -> 27242.647 | F10: ='DESAGREGACIÓN DE PRECIOS '!Z11 -> 7353.4664 | G10: ='DESAGREGACIÓN DE PRECIOS '!X11 -> 6370.2731 | H10: =SUM(E10:G10) -> 40966.387 | I10: =H10*D10 -> 1065126.1
C11: ='DESAGREGACIÓN DE PRECIOS '!D12 -> LITERAS METALICAS | D11: ='DESAGREGACIÓN DE PRECIOS '!E12 -> 70 | E11: ='DESAGREGACIÓN DE PRECIOS '!J12 -> 308750 | F11: ='DESAGREGACIÓN DE PRECIOS '!Z12 -> 83339.286 | G11: ='DESAGREGACIÓN DE PRECIOS '!X12 -> 72196.429 | H11: =SUM(E11:G11) -> 464285.71 | I11: =H11*D11 -> 32500000
C12: ='DESAGREGACIÓN DE PRECIOS '!D13 -> ESTANTERIA METALICA 2,20x0,90x0,40 | D12: ='DESAGREGACIÓN DE PRECIOS '!E13 -> 45 | E12: ='DESAGREGACIÓN DE PRECIOS '!J13 -> 199779.41 | F12: ='DESAGREGACIÓN DE PRECIOS '!Z13 -> 53925.42 | G12: ='DESAGREGACIÓN DE PRECIOS '!X13 -> 46715.336 | H12: =SUM(E12:G12) -> 300420.17 | I12: =H12*D12 -> 13518908
C13: ='DESAGREGACIÓN DE PRECIOS '!D14 -> FOLDERAMA METALICO | D13: ='DESAGREGACIÓN DE PRECIOS '!E14 -> 2 | E13: ='DESAGREGACIÓN DE PRECIOS '!J14 -> 1017058.8 | F13: ='DESAGREGACIÓN DE PRECIOS '!Z14 -> 274529.41 | G13: ='DESAGREGACIÓN DE PRECIOS '!X14 -> 237823.53 | H13: =SUM(E13:G13) -> 1529411.8 | I13: =H13*D13 -> 3058823.5
C14: ='DESAGREGACIÓN DE PRECIOS '!D15 -> COMEDOR PLASTICO DE SEIS PUESTOS | D14: ='DESAGREGACIÓN DE PRECIOS '!E15 -> 4 | E14: ='DESAGREGACIÓN DE PRECIOS '!J15 -> 577544.12 | F14: ='DESAGREGACIÓN DE PRECIOS '!Z15 -> 155893.49 | G14: ='DESAGREGACIÓN DE PRECIOS '!X15 -> 135049.79 | H14: =SUM(E14:G14) -> 868487.39 | I14: =H14*D14 -> 3473949.6
C15: ='DESAGREGACIÓN DE PRECIOS '!D16 -> ESCRITORIO | D15: ='DESAGREGACIÓN DE PRECIOS '!E16 -> 10 | E15: ='DESAGREGACIÓN DE PRECIOS '!J16 -> 290588.24 | F15: ='DESAGREGACIÓN DE PRECIOS '!Z16 -> 78436.975 | G15: ='DESAGREGACIÓN DE PRECIOS '!X16 -> 67949.58 | H15: =SUM(E15:G15) -> 436974.79 | I15: =H15*D15 -> 4369747.9
C16: ='DESAGREGACIÓN DE PRECIOS '!D17 -> SILLA ERGONOMICA GIRATORIA | D16: ='DESAGREGACIÓN DE PRECIOS '!E17 -> 20 | E16: ='DESAGREGACIÓN DE PRECIOS '!J17 -> 214308.82 | F16: ='DESAGREGACIÓN DE PRECIOS '!Z17 -> 57847.269 | G16: ='DESAGREGACIÓN DE PRECIOS '!X17 -> 50112.815 | H16: =SUM(E16:G16) -> 322268.91 | I16: =H16*D16 -> 6445378.2
C17: ='DESAGREGACIÓN DE PRECIOS '!D18 -> SILLA INTERLOCUTORA | D17: ='DESAGREGACIÓN DE PRECIOS '!E18 -> 14 | E17: ='DESAGREGACIÓN DE PRECIOS '!J18 -> 78095.588 | F17: ='DESAGREGACIÓN DE PRECIOS '!Z18 -> 21079.937 | G17: ='DESAGREGACIÓN DE PRECIOS '!X18 -> 18261.45 | H17: =SUM(E17:G17) -> 117436.97 | I17: =H17*D17 -> 1644117.6
C18: ='DESAGREGACIÓN DE PRECIOS '!D19 -> SILLA PLASTICA | D18: ='DESAGREGACIÓN DE PRECIOS '!E19 -> 100 | E18: ='DESAGREGACIÓN DE PRECIOS '!J19 -> 19977.941 | F18: ='DESAGREGACIÓN DE PRECIOS '!Z19 -> 5392.542 | G18: ='DESAGREGACIÓN DE PRECIOS '!X19 -> 4671.5336 | H18: =SUM(E18:G18) -> 30042.017 | I18: =H18*D18 -> 3004201.7
C19: ='DESAGREGACIÓN DE PRECIOS '!D20 -> COLCHONETAS | D19: ='DESAGREGACIÓN DE PRECIOS '!E20 -> 11 | E19: ='DESAGREGACIÓN DE PRECIOS '!J20 -> 113329.41 | F19: ='DESAGREGACIÓN DE PRECIOS '!Z20 -> 30590.42 | G19: ='DESAGREGACIÓN DE PRECIOS '!X20 -> 26500.336 | H19: =SUM(E19:G19) -> 170420.17 | I19: =H19*D19 -> 1874621.8
H22: SUBTOTAL | I22: =SUM(I7:I19) -> 83720000
H23: VALOR IVA 19% | I23: =I22*19% -> 15906800
H24: VALOR TOTAL | I24: =SUM(I22:I23) -> 99626800
C26: RAZON SOCIAL DEL PROPONENTE PEDRO PAEZ - DIVISIONES P&P
C27: REPRESENTANTE LEGAL DEL PROPONENTE (nombre y firma):
C34: PEDRO EDGAR PAEZ PINZON
C35: REP LEGAL
C36: 9,526,868-7
